 Dungeon Crawl Stone Soup version 0.30-a0-800-g7c544603b3 (webtiles) character file.

Game seed: 3846999489218286809

12571 sasquatch the Frost Mage (level 11, -31/81 HPs)
             Began as a Demonspawn Ice Elementalist on Feb 23, 2023.
             Was an Elder of Qazlal.
             Annihilated by a minotaur
             ... wielding a +0 great sword
              (48 damage)
             ... in a Gauntlet.
             The game lasted 00:30:49 (11385 turns).

sasquatch the Frost Mage (DsIE)                    Turns: 11385, Time: 00:30:49

Health: -31/81     AC: 17    Str:  9    XL:     11   Next: 64%
Magic:  15/32      EV: 19    Int: 24    God:    Qazlal [****..]
Gold:   148        SH: 16    Dex: 14    Spells: 16/27 levels left

rFire   . . .      SeeInvis +    s - +9 hand axe "Death Rattle" {venom, Int+4}
rCold   . . .      Faith    .    (no shield)
rNeg    + . .      Spirit   .    d - +2 robe {rN+}
rPois   .          Reflect  +    (helmet unavailable)
rElec   +          Harm     .    (no cloak)
rCorr   +          Rampage  .    y - +2 pair of gloves
Will    +....      NoTele   +    u - +0 pair of boots
Stlth   +                        j - amulet of reflection
HPRegen 0.33/turn                k - +5 ring of evasion
MPRegen 0.23/turn                Q - ring "Fofronaw" {rElec Will+ rCorr MP+9 Stlth-}

@: brilliant, ice-armoured, freezing walls, repel missiles
A: antennae 3, large bone plates 2, powered by death 2
a: Renounce Religion, Upheaval, Elemental Force


You were in a Gauntlet.
You worshipped Qazlal.
Qazlal was greatly pleased with you.
You visited 2 branches of the dungeon, and saw 10 of its levels.
You also visited: Gauntlet.

You collected 442 gold pieces.
You spent 294 gold pieces at shops.

Inventory:

Hand Weapons
 h - a +0 spear
 r - the +7 quarterstaff of Dullness {elec, Dex+2}
   (You found it on level 1 of the Lair of Beasts)

   Dex:       It affects your dexterity (+2).
 s - the +9 hand axe "Death Rattle" (weapon) {venom, Int+4}
   (You found it on level 4 of the Dungeon)

   Int:       It affects your intelligence (+4).
Armour
 d - a +2 robe of positive energy (worn)
 u - a +0 pair of boots (worn)
 y - a +2 pair of gloves (worn)
 N - a +1 leather armour of fire resistance
 P - a +1 pair of gloves of hurling
Magical Staves
 m - a staff of fire
Jewellery
 j - an amulet of reflection (around neck)
 k - a +5 ring of evasion (left hand)
 o - a +6 ring of strength
 M - a ring of positive energy
 Q - the ring "Fofronaw" (right hand) {rElec Will+ rCorr MP+9 Stlth-}
   (You found it in a Gauntlet)

   [ring of magical power]

   rElec:     It insulates you from electricity.
   MP:        It affects your magic capacity (+9).
   rCorr:     It protects you from acid and corrosion.
   Will:      It increases your willpower.
   Stlth:     It makes you less stealthy.
Wands
 b - a wand of mindburst (19)
 f - a wand of iceblast (14)
 v - a wand of acid (15)
 C - a wand of digging (3)
 D - a wand of flame (21)
 F - a wand of charming (22)
Scrolls
 a - 4 scrolls of teleportation
 c - 2 scrolls of blinking
 e - 4 scrolls of enchant weapon
 g - a scroll of torment
 l - a scroll of brand weapon {unknown}
 q - a scroll of poison {unknown}
 t - a scroll of immolation
 x - 2 scrolls of magic mapping
 z - a scroll of fear {unknown}
 A - a scroll of enchant armour
 E - a scroll of vulnerability {unknown}
 K - a scroll of fog {unknown}
 L - a scroll of acquirement {unknown}
Potions
 i - 2 potions of attraction
 p - 3 potions of curing
 w - a potion of might
 B - a potion of flight
 G - a potion of berserk rage
 H - 2 potions of magic
 I - 2 potions of invisibility {unknown}
 J - 2 potions of degeneration {unknown}
 O - a potion of heal wounds
Miscellaneous
 R - a lightning rod (4/4)


   Skills:
 - Level 6.0 Fighting
 - Level 6.0 Dodging
 - Level 1.7 Stealth
 + Level 8.8 Spellcasting
 - Level 6.0 Summonings
 + Level 12.0 Ice Magic


You had 16 spell levels left.
You knew the following spells:

 Your Spells              Type           Power      Damage    Failure   Level
a - Freeze                Ice            100%       1d10      1%          1
b - Frozen Ramparts       Ice            100%       1d16      1%          3
c - Ozocubu's Armour      Ice            80%        N/A       1%          3
d - Summon Ice Beast      Ice/Summ       69%        N/A       1%          4

Your spell library contained the following spells:

 Spells                   Type           Power      Damage    Failure   Level
 Call Imp                 Summ           56%        N/A       1%          2
 Ensorcelled Hibernation  Hex/Ice        100%       N/A       1%          2
 Call Canine Familiar     Summ           56%        N/A       1%          3
 Magic Dart               Conj           60%        1d6       6%          1
 Slow                     Hex            60%        N/A       6%          1
 Passwall                 Tmut/Erth      12%        N/A       9%          2
 Static Discharge         Conj/Air       30%        2-4/arc   9%          2
 Confusing Touch          Hex            15%        N/A       19%         3
 Mephitic Cloud           Conj/Pois/Air  15%        N/A       19%         3
 Portal Projectile        Hex/Tloc       30%        N/A       19%         3
 Swiftness                Air            15%        N/A       19%         3
 Vampiric Draining        Necr           15%        2d7       19%         3
 Vhi's Electric Charge    Tloc/Air       30%        N/A       19%         3
 Leda's Liquefaction      Hex/Erth       7%         N/A       52%         4
 Arcjolt                  Conj/Air       7%         1d17      86%         5
 Lightning Bolt           Conj/Air       7%         1d20      86%         5
 Maxwell's Capacitive Co  Air            7%         ∞         100%        8


Dungeon Overview and Level Annotations

Branches:
Dungeon (8/15)             Temple (0/1) D:7            Lair (2/5) D:8
Gauntlet (1/1)
  Swamp: Lair:2-3    Shoals: Lair:2-3     Snake: Lair:2-3    Spider: Lair:2-3

Altars:
Fedhas
Gozag
Kikubaaqudgha
Qazlal
Ru

Shops:
D:7 *!(*!

Annotations:
Gauntlet 8 transporters, 2 runed translucent doors, exclusion: orange crystal statue


Innate Abilities, Weirdness & Mutations

You have a pair of large antennae on your head. (SInv)
You are mostly covered in large bone plates. (SH +6)
You regenerate health from kills.


Message History

Confirm with . or Enter, or press ? or * to list all spells.
A film of ice covers your body!
The minotaur rages.
The wall freezes the minotaur!
Okay, then.
You feel clever all of a sudden.
The wall freezes the minotaur!
Aiming: Freeze (safe; 1% risk of failure)
Press: ? - help, Q - select action, (/) - cycle Shift-Dir - straight line, f - minotaur
Aim: a minotaur, wielding a +0 great sword, wearing a +0 plate armour and quivering javelins (lightly wounded, berserk, ally target)
You feel a surge of power!
You freeze the minotaur.
The minotaur is lightly wounded.
The wall freezes the minotaur!
You block the minotaur's attack. The minotaur closely misses you.
The wall freezes the minotaur but does no damage.
You block the minotaur's attack. The minotaur gores you.
Aiming: Freeze (safe; 1% risk of failure)
Press: ? - help, Q - select action, (/) - cycle Shift-Dir - straight line, f/p - minotaur
Aim: a minotaur, wielding a +0 great sword, wearing a +0 plate armour and quivering javelins (moderately wounded, berserk, ally target)
You feel a surge of power!
You freeze the minotaur!
The minotaur is moderately wounded.
The wall freezes the minotaur.
The minotaur completely misses you.
The minotaur gores you but does no damage.
Your ice beast hits the minotaur but does no damage.
Aiming: Freeze (safe; 1% risk of failure)
Press: ? - help, Q - select action, (/) - cycle Shift-Dir - straight line, f/p - minotaur
Aim: a minotaur, wielding a +0 great sword, wearing a +0 plate armour and quivering javelins (moderately wounded, berserk, ally target)
You feel a surge of power!
You freeze the minotaur!
The minotaur is moderately wounded.
The wall freezes the minotaur.
The minotaur hits you with a +0 great sword!!
The minotaur gores you!
* * * LOW HITPOINT WARNING * * *
Your ice beast barely misses the minotaur.
The minotaur furiously retaliates!
The minotaur headbutts your ice beast, but does no damage.
The wall freezes the minotaur but does no damage.
The minotaur hits you with a +0 great sword!!!
Ouch! That really hurt!
You die...

#≈....... ##..#####
#≈..#.... ##..#.###
#≈..#.### ##..#©###
#≈..#..^. ######
##..#...^ ####
#@...#####≈..#....
#....##H##....###..#####
# #...Y##.##..##.......
#..##.##....##...#..#####
#....##.##......#..#8...
#.##....##.##.©.#8.#"###
. ####....##...#..#[#~.
#∩...'.##....©.#∩.#©#~©
######.##.##...#..#.#~.


You could see a minotaur (berserk, ally target) and a friendly ice beast
(summoned).

Vanquished Creatures
  A centaur warrior (D:8)
  Nergalle (Lair:1)
  Sonja (Lair:1)
  A deep elf pyromancer (D:8)
  A wolf spider (Gauntlet)
  2 moths of wrath (Gauntlet)
  A black mamba (Lair:1)
  4 cane toads
  A kobold demonologist (D:8)
  Maggie (Lair:1)
  A komodo dragon (D:8)
  A queen bee (Gauntlet)
  Grinder (D:6)
  9 blink frogs (Lair:1)
  Sigmund (D:6)
  3 yaks (D:8)
  Eustachio (D:6)
  A steam dragon (D:7)
  2 redbacks (Gauntlet)
  3 water moccasins
  3 sky beasts
  A black bear (D:5)
  An ice beast (D:7)
  13 wolves
  An ogre (D:6)
  A phantom (D:7)
  Blork the orc (D:4)
  5 bullfrogs
  A necrophage (D:6)
  4 scorpions
  6 killer bees (Gauntlet)
  3 orc priests
  A gnoll bouda (D:7)
  2 hounds
  6 orc wizards
  Jessica (D:2)
  6 iguanas
  Robin (D:3)
  9 gnolls
  6 adders
  2 worms
  A dart slug (D:5)
  39 orcs
  9 ball pythons
  7 endoplasms
  7 giant cockroaches
  17 goblins
  16 hobgoblins
  12 jackals
  5 kobolds
  2 quokkas (D:4)
  4 bats
  2 frilled lizards
  7 rats
239 creatures vanquished.

Vanquished Creatures (collateral kills)
  Menkaure (D:6)
  2 wolves (Gauntlet)
3 creatures vanquished.

Vanquished Creatures (others)
  A human (D:8)
  A fungus (Lair:1)
  3 plants
  4 withered plants (Gauntlet)
9 creatures vanquished.

Grand Total: 251 creatures vanquished

Notes
Turn   | Place    | Note
-------+----------+-------------------------------------------
     0 | D:1      | sasquatch the Demonspawn Ice Elementalist began the quest
                  | for the Orb.
     0 | D:1      | Reached XP level 1. HP: 13/13 MP: 3/3
   197 | D:1      | Gained mutation: You regenerate a little health from kills.
                  | [demonic ancestry]
   197 | D:1      | Reached XP level 2. HP: 19/19 MP: 0/5
   312 | D:1      | Reached skill level 4 in Ice Magic
   832 | D:1      | Gained mutation: You regenerate health from kills. [demonic
                  | ancestry]
   832 | D:1      | Reached XP level 3. HP: 20/24 MP: 2/6
   836 | D:1      | Learned a level 3 spell: Frozen Ramparts
   840 | D:1      | Learned a level 3 spell: Ozocubu's Armour
  1342 | D:2      | Noticed Jessica
  1350 | D:2      | Killed Jessica
  1351 | D:2      | Gained mutation: You have a pair of small antennae on your
                  | head. [demonic ancestry]
  1351 | D:2      | Reached XP level 4. HP: 30/30 MP: 2/8
  1941 | D:3      | Reached skill level 5 in Ice Magic
  1954 | D:3      | Reached XP level 5. HP: 35/35 MP: 0/9
  2226 | D:3      | Found a faded altar of an unknown god.
  2353 | D:3      | Prayed at the altar of an unknown god.
  2353 | D:3      | Became a worshipper of Qazlal Stormbringer
  2353 | D:3      | Reached * piety under Qazlal
  2509 | D:3      | Noticed Robin
  2518 | D:3      | Killed Robin
  2901 | D:3      | Gained mutation: You are partially covered in large bone
                  | plates. (SH +4) [demonic ancestry]
  2901 | D:3      | Reached XP level 6. HP: 37/41 MP: 5/11
  2948 | D:3      | Reached skill level 6 in Ice Magic
  3349 | D:3      | Reached ** piety under Qazlal
  3722 | D:4      | Gained mutation: You have a pair of antennae on your head.
                  | [demonic ancestry]
  3722 | D:4      | Reached XP level 7. HP: 30/46 MP: 0/13
  3860 | D:4      | Identified the +9 hand axe "Death Rattle" {venom, Int+4}
  3938 | D:4      | Reached skill level 7 in Ice Magic
  3984 | D:4      | Learned a level 4 spell: Summon Ice Beast
  4156 | D:4      | Noticed Blork the orc
  4160 | D:4      | Killed Blork the orc
  4161 | D:4      | Reached skill level 1 in Summonings
  4861 | D:5      | Entered Level 5 of the Dungeon
  5001 | D:5      | Reached skill level 8 in Ice Magic
  5075 | D:5      | Reached XP level 8. HP: 52/52 MP: 8/14
  5153 | D:5      | Found an opulent altar of Gozag.
  5176 | D:5      | Reached *** piety under Qazlal
  6035 | D:6      | Noticed Eustachio
  6048 | D:6      | Killed Eustachio
  6112 | D:6      | Reached skill level 9 in Ice Magic
  6161 | D:6      | Noticed Sigmund
  6170 | D:6      | Killed Sigmund
  6402 | D:6      | Noticed Menkaure
  6408 | D:6      | Killed Menkaure
  6492 | D:6      | Noticed Grinder
  6525 | D:6      | Killed Grinder
  6526 | D:6      | Reached skill level 10 in Ice Magic
  6550 | D:6      | Gained mutation: You are mostly covered in large bone
                  | plates. (SH +6) [demonic ancestry]
  6550 | D:6      | Reached XP level 9. HP: 52/58 MP: 3/15
  6721 | D:6      | Reached skill level 1 in Fighting
  7331 | D:7      | Found Waroeg's Assorted Antiques.
  7334 | D:7      | Bought a runed robe for 96 gold pieces
  7334 | D:7      | Bought an emerald potion for 23 gold pieces
  7334 | D:7      | Bought a fuming coppery potion for 23 gold pieces
  7562 | D:7      | Found Nicsoykh's Distillery.
  7571 | D:7      | Bought a potion of magic for 128 gold pieces
  7625 | D:7      | Found a staircase to the Ecumenical Temple.
  7715 | D:7      | Found Cumimpoa's Distillery.
  7799 | D:7      | Reached skill level 5 in Spellcasting
  7900 | D:7      | Found Oczeusei's Antique Weapon Emporium.
  8185 | D:7      | Found Durghuv's Assorted Antiques.
  8194 | D:7      | Bought a red potion for 24 gold pieces
  8410 | D:8      | Found an ancient bone altar of Kikubaaqudgha.
  8513 | D:8      | Noticed a centaur warrior
  8517 | D:8      | Noticed a kobold demonologist
  8519 | D:8      | Killed a centaur warrior
  8519 | D:8      | Noticed a deep elf pyromancer
  8528 | D:8      | Killed a kobold demonologist
  8531 | D:8      | Killed a deep elf pyromancer
  8532 | D:8      | Reached skill level 5 in Fighting
  8532 | D:8      | Reached XP level 10. HP: 62/74 MP: 2/19
  8697 | D:8      | Reached skill level 5 in Dodging
  8746 | D:8      | Found a sacrificial altar of Ru.
  8752 | D:8      | Reached **** piety under Qazlal
  8992 | D:8      | Found a staircase to the Lair.
  9157 | D:8      | Found a blossoming altar of Fedhas.
  9402 | Lair:1   | Entered Level 1 of the Lair of Beasts
  9408 | Lair:1   | Noticed a black mamba
  9417 | Lair:1   | Killed a black mamba
  9423 | Lair:1   | Noticed Maggie
  9443 | Lair:1   | Killed Maggie
  9477 | Lair:1   | Reached skill level 5 in Summonings
  9649 | Lair:1   | Noticed a cane toad
  9655 | Lair:1   | Killed a cane toad
  9741 | Lair:1   | Noticed a cane toad
  9749 | Lair:1   | Killed a cane toad
  9752 | Lair:1   | Noticed Nergalle
  9767 | Lair:1   | Killed Nergalle
  9768 | Lair:1   | Gained mutation: You have a pair of large antennae on your
                  | head. (SInv) [demonic ancestry]
  9768 | Lair:1   | Reached XP level 11. HP: 71/81 MP: 5/22
  9895 | Lair:1   | Noticed Sonja
  9898 | Lair:1   | Reached skill level 11 in Ice Magic
  9899 | Lair:1   | Killed Sonja
 10106 | Lair:1   | Identified the +7 quarterstaff of Dullness {elec, Dex+2}
 10673 | Lair:2   | Found a gate leading to a gauntlet.
 10725 | Gauntlet | Entered a Gauntlet
 10725 | Gauntlet | Found a transporter.
 10725 | Gauntlet | Found a transporter.
 10745 | Gauntlet | Found a transporter.
 10763 | Gauntlet | Found a transporter.
 10763 | Gauntlet | Found a transporter.
 10763 | Gauntlet | Found a transporter.
 10765 | Gauntlet | Found a transporter.
 10765 | Gauntlet | Found a transporter.
 10767 | Gauntlet | Noticed a wolf spider
 10770 | Gauntlet | Found a runed translucent door.
 10782 | Gauntlet | Found a transporter.
 10790 | Gauntlet | Noticed an orange crystal statue
 10793 | Gauntlet | Found a transporter.
 10795 | Gauntlet | Found a runed translucent door.
 10803 | Gauntlet | Found a transporter.
 10817 | Gauntlet | Found a transporter.
 10838 | Gauntlet | Found a transporter.
 10839 | Gauntlet | Noticed a shining eye
 10850 | Gauntlet | Found a transporter.
 11217 | Gauntlet | Killed a wolf spider
 11218 | Gauntlet | Reached skill level 12 in Ice Magic
 11310 | Gauntlet | Identified the ring "Fofronaw" {rElec Will+ rCorr MP+9
                  | Stlth-}
 11375 | Gauntlet | Noticed a minotaur
 11385 | Gauntlet | Annihilated by a minotaur

Illustrated notes

Levels and vault maps discovered:
D:1:      wheals_arrival_shading, layout_basic, serial_corexii_hall,
          corexii_hall_statues_i, corexii_hall_statues_l,
          corexii_hall_statues_deadend
D:2:      layout_basic, minmay_tromino_v4_a, uniq_jessica
D:3:      layout_loops_corners, hellmonk_ecumenical_altar_prayer_group,
          uniq_robin
D:4:      layout_loops_ring, kennysheep_generic_room_13, uniq_blork_the_orc
D:5:      layout_gridville, grunt_gozag_statues
D:6:      layout_basic, zin_scriptorium, uniq_menkaure, uniq_grinder,
          uniq_eustachio, uniq_sigmund
D:7:      layout_basic, lemuel_temple_firewalk_b, serial_shops, shop,
          nicolae_shop_crystal, nicolae_shop_behind_doors,
          nicolae_shop_hallway_stairs, shop
D:8:      layout_loops_ring, marbit_many_paths, tgw_kikubaaqudgha,
          nicolae_ru_great_annihilating_truth, david_lair_shrubbed,
          minmay_radiant
Lair:1:   layout_small_grid, serial_bayou_shore_b, infiniplex_staircase_pool_2,
          uniq_nergalle, uniq_sonja, uniq_maggie
Lair:2:   layout_roguey, gauntlet_entry_generic, lemuel_fruit_tree
Gauntlet: gammafunk_gauntlet_mixed_choke_point
          [minmay_gauntlet_arena_77_p_blocks, minmay_gauntlet_arena_77_squiggly,
          minmay_gauntlet_arena_77_museum, nicolae_gauntlet_arena_quarters,
          minmay_gauntlet_arena_77_block_sizes,
          minmay_gauntlet_arena_77_shame_cube,
          minmay_gauntlet_arena_77_two_lines, gauntlet_exit_green]

Skill      XL: |  1  2  3  4  5  6  7  8  9 10 11 |
---------------+----------------------------------+-----
Ice Magic      | 4 5 6 8 10 12 | 12.0
Spellcasting   | 3 4 6 7 8 |  8.8
Summonings     | 2 4 6 |  6.0
Dodging        | 2 4 6 |  6.0
Fighting       | 5 6 |  6.0
Stealth        | |  1.7

Action                     |  1- 3 |  4- 6 |  7- 9 | 10-12 || total
---------------------------+-------+-------+-------+-------++-------
  Melee: Unarmed           |    29 |       |       |       ||    29
         Dagger            |    17 |       |       |       ||    17
         Punch             |     1 |     1 |     1 |     1 ||     4
         Spear             |    12 |    69 |       |       ||    81
         Hand axe          |       |       |    27 |    37 ||    64
   Cast: Freeze            |    37 |    33 |    65 |    63 ||   198
         Frozen Ramparts   |     1 |    31 |    53 |    31 ||   116
         Ozocubu's Armour  |       |       |     8 |    11 ||    19
         Summon Ice Beast  |       |       |     4 |     5 ||     9
  Evoke: Wand              |       |       |     1 |       ||     1
    Use: Potion            |     1 |       |       |     4 ||     5
         Scroll            |       |       |    13 |     3 ||    16
   Stab: Sleeping          |     3 |     1 |       |       ||     4
 Armour: Robe              |    11 |     4 |     8 |    16 ||    39
         Animal skin       |       |     2 |     2 |       ||     4
  Dodge: Dodged            |    48 |    36 |    31 |    68 ||   183
         Repelled          |       |       |       |     2 ||     2
  Block: Other             |       |    20 |    42 |    84 ||   146
         Reflection        |       |     2 |       |       ||     2

Table legend: (Time is in decaauts)
 A = Elapsed time spent in this place.
 B = Non-inter-level travel time spent in this place.
 C = Inter-level travel time spent in this place.
 D = Time resting spent in this place.
 E = Time spent auto-exploring this place.
 F = Levels seen in this place.
 G = Mean time per level.
                   A        B        C        D        E       F      G
               +--------+--------+--------+--------+--------+-----+--------+
         Total |  11411 |  11096 |    315 |    500 |   9009 |  11 | 1037.4 |
       Dungeon |   9415 |   9116 |    299 |    221 |   7694 |   8 | 1176.9 |
          Lair |   1337 |   1321 |     16 |    232 |    869 |   2 |  668.5 |
      Gauntlet |    658 |    658 |      0 |     47 |    446 |   1 |  658.0 |
               +--------+--------+--------+--------+--------+-----+--------+

Top non-repeatable levels by time:
     D:3: 1836 daAuts
     D:7: 1323 daAuts
  Lair:1: 1285 daAuts
     D:5: 1131 daAuts
     D:4: 1114 daAuts
     D:6: 1097 daAuts
     D:8: 994 daAuts
     D:2: 975 daAuts
     D:1: 942 daAuts
Gauntlet: 658 daAuts
  Lair:2: 51 daAuts
